 Dungeon Crawl Stone Soup version 0.28-a0-519-gbfeecf2fc5 (webtiles) character file.

Game seed: 10729966533389680329

11239 Goblin1989 the Grappler (level 11, -1/87 HPs)
             Began as a Demonspawn Cinder Acolyte on Sept 23, 2021.
             Was a High Priest of Ignis.
             Slain by a manticore (4 damage)
             ... on level 11 of the Dungeon on Sept 24, 2021.
             The game lasted 00:37:41 (16529 turns).

Goblin1989 the Grappler (DsCA)                     Turns: 16529, Time: 00:37:42

Health: -1/87      AC: 24    Str: 18    XL:     11   Next: 46%
Magic:  13/13      EV:  5    Int: 20    God:    Ignis [*****.]
Gold:   914        SH:  9    Dex:  9    Spells: 12/12 levels left

rFire   + . .      SeeInvis .     - Unarmed
rCold   . . .      Faith    .   W - +0 kite shield
rNeg    . . .      Spirit   .   l - +0 plate armour
rPois   +          Reflect  .   r - +1 helmet {Int+3}
rElec   .          Harm     .   (no cloak)
rCorr   .          Rampage  .   (no gloves)
Will    .....                   n - +0 pair of boots
Stlth   ..........              (no amulet)
HPRegen 0.24/turn               Y - +4 ring of protection
MPRegen 0.13/turn               g - +4 ring of protection

@: spiked
A: claws 2, demonic guardian 1, spiny 1, sturdy frame 1, talons 1, clever 1,
high mp 1, poison resistance
a: Renounce Religion, Sea of Fire, Foxfire Swarm, Rising Flame


You were on level 11 of the Dungeon.
You worshipped Ignis.
Ignis was extremely pleased with you.
You visited 1 branch of the dungeon, and saw 11 of its levels.
You also visited: Sewer, Ossuary and Bailey.

You collected 914 gold pieces.

Inventory:

Hand Weapons
 a - a -1 hand axe of flaming
 J - the +8 hand axe of Distraction {spect, rPois rN+ Dex-4 Stlth+}
   (You found it on level 7 of the Dungeon)

   When its wielder attacks, the weapon's spirit leaps out and strikes again.
   The spirit shares a part of any damage it takes with its wielder.
   Dex:       It affects your dexterity (-4).
   rPois:     It protects you from poison.
   rN:        It protects you from negative energy.
   Stlth:     It makes you more stealthy.
 Q - a +0 whip of distortion {!w}
Missiles
 x - 2 javelins (quivered) {@Q2}
 D - 2 curare-tipped darts
 Z - 6 throwing nets {!d , @Q1}
Armour
 e - +0 acid dragon scales
 f - the +0 ring mail of Wisaav {Fly Slay+6}
   (You found it on level 11 of the Dungeon)

   Slay:      It affects your accuracy & damage with ranged weapons and melee
   (+6).
   Fly:       It grants you flight.
 l - a +0 plate armour (worn)
 n - a +0 pair of boots (worn)
 r - a +1 helmet of intelligence (worn)
 z - a +1 leather armour of cold resistance
 W - a +0 kite shield (worn)
Jewellery
 g - a +4 ring of protection (right claw)
 I - a +6 ring of strength
 O - a ring of positive energy
 Y - a +4 ring of protection (left claw)
Wands
 q - a wand of paralysis (3) {@v7}
 s - a wand of iceblast (1) {@v4}
 t - a wand of flame (16) {@v6}
 H - a wand of charming (7)
 K - a wand of digging (5) {@v1}
 S - a wand of mindburst (19)
Scrolls
 h - a scroll of immolation {unknown}
 i - 4 scrolls of amnesia {unknown}
 j - 8 scrolls of teleportation {unknown}
 k - 4 scrolls of enchant weapon {unknown}
 v - 3 scrolls of vulnerability {unknown}
 y - a scroll of silence {unknown}
 A - 2 scrolls of torment {unknown}
 B - 5 scrolls of blinking
 C - 3 scrolls of noise {unknown}
 F - a scroll of brand weapon {unknown}
 G - a scroll of fog {unknown}
 M - 2 scrolls of magic mapping
 N - a scroll of holy word {unknown}
 R - a scroll of identify {@r1}
 X - 2 scrolls of fear {unknown}
Potions
 d - 2 potions of lignification
 m - a potion of magic {unknown}
 o - 2 potions of invisibility
 p - a potion of ambrosia
 u - 5 potions of curing {@q1}
 w - 2 potions of mutation {!q}
 E - a potion of flight {unknown}
 L - 2 potions of berserk rage
 P - 2 potions of attraction
 T - a potion of haste {@q3,}
 U - 3 potions of might
 V - a potion of heal wounds {@q2}


   Skills:
 + Level 8.4 Fighting
 - Level 3.2 Axes
 - Level 2.0 Throwing
 + Level 7.1 Armour
 + Level 0.9 Dodging
 + Level 7.1 Shields
 * Level 10.4 Unarmed Combat
 - Level 1.0 Spellcasting
 - Level 2.6 Fire Magic
 - Level 3.0 Evocations


You had 12 spell levels left.
You didn't know any spells.
Your spell library contained the following spells:

 Spells                   Type           Power      Damage    Failure   Level
 Scorch                   Fire           22%        2d6       98%         2
 Animate Skeleton         Necr           2%         N/A       100%        1
 Apportation              Tloc           2%         N/A       100%        1
 Sandblast                Erth           2%         2d4       100%        1
 Summon Small Mammal      Summ           4%         N/A       100%        1
 Corpse Rot               Necr/Air       N/A        N/A       100%        2
 Slow                     Hex            1%         N/A       100%        2
 Call Canine Familiar     Summ           1%         N/A       100%        3
 Confusing Touch          Hex            1%         N/A       100%        3
 Inner Flame              Hex/Fire       6%         N/A       100%        3
 Portal Projectile        Hex/Tloc       2%         N/A       100%        3
 Stone Arrow              Conj/Erth      2%         3d7       100%        3
 Vampiric Draining        Necr           0%         2d6       100%        3
 Animate Armour           Summ/Erth      2%         N/A       100%        4
 Cause Fear               Hex            0%         N/A       100%        4
 Leda's Liquefaction      Hex/Erth       0%         N/A       100%        4
 Discord                  Hex            0%         N/A       100%        8
 Lehudib's Crystal Spear  Conj/Erth      0%         10d2      100%        8


Dungeon Overview and Level Annotations

Branches:
Dungeon (12/15)            Temple (0/1) D:4            Lair (0/6) D:8
    Orc (0/2) D:11          Sewer (visited)         Ossuary (visited)
 Bailey (visited)

Altars:
Elyvilon
Makhleb
Nemelex Xobeh
Okawaru
Qazlal
Uskayaw
Wu Jian
Yredelemnul
Zin
The Shining One

Shops:
D:6 :

Annotations:
D:9 1 runed translucent door


Innate Abilities, Weirdness & Mutations

You have very sharp fingernails.
A weak demonic guardian rushes to your aid.
You are partially covered in sharp spines.
Your movements are slightly less encumbered by armour. (ER -2)
You have sharp toenails.
Your mind is acute. (Int +2)
You have an increased reservoir of magic. (+10% MP)
Your system is resistant to poisons. (rPois)


Message History

Found a chain mail.
You see here a +0 chain mail.
You open the door.
Found a plate armour.
There is an open door here.
You open the door.
A manticore comes into view.
The manticore flicks its tail.
The volley of spikes hits you.
The barbed spikes become lodged in your body.
There is an open door here.
You take 1 damage, and have 86/87 hp.
The barbs in your skin will harm you if you move.
Continue? [Y]es or [N]o only, please.
The barbs in your skin will harm you if you move.
Continue? [Y]es or [N]o only, please.
The barbs in your skin will harm you if you move.
Continue? [Y]es or [N]o only, please.
The barbs in your skin will harm you if you move.
Continue? [Y]es or [N]o only, please.
The barbs in your skin will harm you if you move.
Continue? [Y]es or [N]o only, please.
The barbs in your skin will harm you if you move.
Continue? [Y]es or [N]o only, please.
The barbs in your skin will harm you if you move.
Continue? [Y]es or [N]o only, please.
The barbs in your skin will harm you if you move.
Continue? [Y]es or [N]o only, please.
The barbs in your skin will harm you if you move.
Continue? [Y]es or [N]o only, please.
The barbs in your skin will harm you if you move.
Continue? [Y]es or [N]o only, please.
The barbs in your skin will harm you if you move.
Continue? [Y]es or [N]o only, please.
The barbs in your skin will harm you if you move.
Continue? [Y]es or [N]o only, please.
The barbs in your skin will harm you if you move.
Continue? [Y]es or [N]o only, please.
The barbs in your skin will harm you if you move.
Continue? [Y]es or [N]o only, please.
The barbs in your skin will harm you if you move.
Continue? [Y]es or [N]o only, please.
The barbs in your skin will harm you if you move.
Continue?
Okay, then.
The manticore flicks its tail.
The volley of spikes hits you!
The barbed spikes become lodged in your body.
You take 16 damage, and have 70/87 hp.
The manticore flicks its tail.
The volley of spikes hits you!
The barbed spikes become lodged in your body.
You take 9 damage, and have 61/87 hp.
The manticore flicks its tail.
The volley of spikes hits you!!
The barbed spikes become lodged in your body.
You take 19 damage, and have 43/87 hp.
MASSIVE DAMAGE!!
The manticore flicks its tail.
The volley of spikes hits you but does no damage.
The manticore flicks its tail.
The volley of spikes hits you.
The barbed spikes become lodged in your body.
You take 2 damage, and have 42/87 hp.
The manticore flicks its tail.
The volley of spikes hits you.
The barbed spikes become lodged in your body.
* * * LOW HITPOINT WARNING * * *
You take 6 damage, and have 36/87 hp.
The manticore flicks its tail.
The volley of spikes hits you!
The barbed spikes become lodged in your body.
* * * LOW HITPOINT WARNING * * *
You take 8 damage, and have 28/87 hp.
The manticore flicks its tail.
The volley of spikes hits you!
The barbed spikes become lodged in your body.
* * * LOW HITPOINT WARNING * * *
You take 7 damage, and have 21/87 hp.
The manticore flicks its tail.
The volley of spikes hits you.
The barbed spikes become lodged in your body.
* * * LOW HITPOINT WARNING * * *
A demonic guardian appears!
You take 5 damage, and have 16/87 hp.
The barbs in your skin will harm you if you move.
Continue?
Okay, then.
Aiming: Paralyse
Press: ? - help, Shift-Dir - straight line, f - manticore
Aim: a manticore (ally target, chance to affect: 37%)
The manticore easily resists.
Your shadow imp hits the manticore.
You barely miss the manticore.
The manticore is lightly wounded.
You block the manticore's attack. The manticore barely misses you.
The manticore closely misses you.
You mangle the manticore!!
The manticore is heavily wounded.
Your shadow imp hits the manticore.
The manticore bites you!
* * * LOW HITPOINT WARNING * * *
A demonic guardian appears!
You block the manticore's attack. The manticore claws you.
You die... ██.███ . █)█ █ █.█ . ██▲█

█ ██...██ ███ ██.....██
█.██ ██.......██ █ █
...████.........██.█...█
)<....▲.........@H5.....
)).████[........██5█....


))██ █.......██ █ . ..█ ██.....██ ..█ ██...██ █.█ ██∆██ █.█ █.█ █.█ █.█
█.█████████[██ You could see a manticore (ally target) and 2 friendly shadow
imps.

Vanquished Creatures
  A boulder beetle (D:11)
  3 two-headed ogres (D:11)
  A manticore (D:11)
  A gargoyle (D:8)
  A komodo dragon (D:8)
  Sigmund (D:5)
  2 shadows (D:11)
  2 wyverns
  A wraith (D:8)
  10 yaks
  A steam dragon (D:8)
  Eustachio (D:4)
  A vampire mosquito (D:11)
  Edmund (D:5)
  An acid dragon (D:11)
  5 orc warriors
  An ice beast (D:8)
  An ogre (D:6)
  4 black bears
  2 centaurs (D:8)
  4 kobold brigands
  A wyvern zombie (Ossuary)
  5 bullfrogs
  9 gnoll sergeants
  A scorpion (D:4)
  3 water moccasin zombies (Ossuary)
  A wyvern skeleton (D:7)
  2 water moccasin skeletons
  9 killer bees
  2 wights (D:7)
  A howler monkey (D:8)
  5 centaur zombies
  A bullfrog zombie (Ossuary)
  6 hounds
  7 gnoll shamans
  7 orc priests
  A bullfrog skeleton (D:4)
  A jelly (D:4)
  A centaur skeleton (D:5)
  2 iguanas
  Ijyb (D:5)
  3 orc wizards
  A killer bee zombie (Ossuary)
  A hound zombie (D:5)
  10 mummies (Ossuary)
  24 gnolls
  4 howler monkey zombies
  5 adders
  A river rat (D:6)
  3 white imps
  An adder skeleton (D:4)
  A worm (D:4)
  A dart slug (D:1)
  23 orcs
  7 ball pythons
  10 endoplasms
  4 giant cockroaches
  6 hobgoblins
  27 kobolds
  5 quokkas
  3 bats
  2 frilled lizards
  12 goblins
  3 rats
  A spectral orc (D:5)
269 creatures vanquished.

Vanquished Creatures (collateral kills)
  Purgy (Sewer)
  3 gnolls
  An orc (D:9)
5 creatures vanquished.

Vanquished Creatures (others)
  14 foxfires (Bailey)
  3 plants (D:8)
  8 withered plants (Ossuary)
25 creatures vanquished.

Grand Total: 299 creatures vanquished

Notes
Turn   | Place    | Note
-------+----------+-------------------------------------------
     0 | D:1      | Goblin1989 the Demonspawn Cinder Acolyte began the quest
                  | for the Orb.
     0 | D:1      | Reached XP level 1. HP: 18/18 MP: 2/2
   155 | D:1      | Gained mutation: You have sharp fingernails. [demonic
                  | ancestry]
   155 | D:1      | Reached XP level 2. HP: 23/24 MP: 3/3
   367 | D:1      | Got the Catalogue of Dusty Darkness
   779 | D:1      | Reached skill level 1 in Unarmed Combat
  1705 | D:1      | Found a faded altar of an unknown god.
  1929 | D:2      | Gained mutation: Your movements are slightly less
                  | encumbered by armour. (ER -2) [demonic ancestry]
  1929 | D:2      | Reached XP level 3. HP: 27/29 MP: 4/4
  2515 | D:3      | Reached skill level 2 in Unarmed Combat
  2540 | D:3      | HP: 1/29 [orc wizard (2)]
  2542 | D:3      | Gained mutation: You have very sharp fingernails. [demonic
                  | ancestry]
  2542 | D:3      | Reached XP level 4. HP: 1/35 MP: 5/5
  3214 | D:2      | Reached skill level 1 in Armour
  3214 | D:2      | Reached skill level 1 in Shields
  3325 | D:3      | HP: 1/35 [orc priest/nerve-wracking pain (13)]
  3327 | D:3      | Gained mutation: You are partially covered in sharp spines.
                  | [demonic ancestry]
  3327 | D:3      | Reached XP level 5. HP: 1/41 MP: 6/6
  3784 | D:3      | Reached skill level 3 in Unarmed Combat
  3970 | D:4      | Noticed Eustachio
  4513 | D:4      | Killed Eustachio
  4514 | D:4      | Reached XP level 6. HP: 22/48 MP: 7/7
  4767 | D:4      | Found a staircase to the Ecumenical Temple.
  5019 | D:4      | Reached skill level 4 in Unarmed Combat
  5443 | D:5      | Entered Level 5 of the Dungeon
  5477 | D:5      | Noticed Ijyb
  5624 | D:5      | Killed Ijyb
  5625 | D:5      | Gained mutation: A weak demonic guardian rushes to your
                  | aid. [demonic ancestry]
  5625 | D:5      | Reached XP level 7. HP: 30/49 MP: 8/8
  6529 | D:5      | Noticed Edmund
  6558 | D:5      | Killed Edmund
  6559 | D:5      | Reached skill level 5 in Unarmed Combat
  6566 | D:5      | Noticed Sigmund
  6893 | D:5      | Killed Sigmund
  6894 | D:5      | Reached XP level 8. HP: 42/61 MP: 9/9
  7051 | D:5      | Found a basalt altar of Yredelemnul.
  7055 | D:5      | Reached skill level 5 in Fighting
  7237 | D:5      | Found an ornate altar of the Wu Jian Council.
  7238 | D:5      | Found a burning altar of Makhleb.
  7744 | D:6      | Found Ukigyiti's Book Emporium.
  7786 | D:6      | Reached skill level 6 in Unarmed Combat
  7789 | D:6      | Found a glowing drain.
  7807 | Sewer    | Entered a sewer
  7871 | Sewer    | Noticed Purgy
  7880 | Sewer    | Killed Purgy
  8642 | D:6      | HP: 1/63 [orc warrior (17)]
  9087 | D:6      | Found a sparkling altar of Nemelex Xobeh.
  9235 | D:7      | Found an iron altar of Okawaru.
  9302 | D:7      | Identified the +8 hand axe of Distraction {spect, rPois rN+
                  | Dex-4 Stlth+}
  9414 | D:7      | Noticed a cyclops
  9707 | D:7      | Reached XP level 9. HP: 49/69 MP: 10/10
 10022 | D:7      | Reached skill level 1 in Evocations
 10067 | D:7      | Reached skill level 7 in Unarmed Combat
 10623 | D:8      | Found a sand-covered staircase.
 10634 | Ossuary  | Entered an ossuary
 10902 | Ossuary  | Reached skill level 5 in Armour
 10952 | D:8      | Noticed a gargoyle
 10959 | D:8      | Killed a gargoyle
 10960 | D:8      | Reached skill level 5 in Shields
 10961 | D:8      | Found a flagged portal.
 10980 | Bailey   | Entered a bailey
 11241 | Bailey   | Reached skill level 8 in Unarmed Combat
 11307 | Bailey   | Reached XP level 10. HP: 16/77 MP: 11/11
 11307 | Bailey   | Gained mutation: Your mind is acute. (Int +2) [potion of
                  | mutation]
 11307 | Bailey   | Gained mutation: You have sharp toenails. [potion of
                  | mutation]
 11307 | Bailey   | Gained mutation: You have an increased reservoir of magic.
                  | (+10% MP) [potion of mutation]
 11307 | Bailey   | Gained mutation: Your system is resistant to poisons.
                  | (rPois) [potion of mutation]
 11632 | Bailey   | HP: 3/77 [gnoll sergeant (11)]
 13085 | D:8      | Noticed a +0 short sword
 13085 | D:8      | Noticed a +0 falchion
 13087 | D:8      | Noticed a +0 spear
 13087 | D:8      | Noticed a +0 falchion
 13087 | D:8      | Noticed a +0 dagger
 13087 | D:8      | Noticed a +0 dagger
 13089 | D:8      | Noticed a +0 spear
 13089 | D:8      | Noticed a +0 short sword
 13093 | D:8      | Found a hide-covered altar of Uskayaw.
 13117 | D:8      | Reached skill level 1 in Throwing
 13781 | D:8      | Found a staircase to the Lair.
 13810 | D:8      | Reached skill level 9 in Unarmed Combat
 14127 | D:9      | Found a runed translucent door.
 14167 | D:9      | Found a stormy altar of Qazlal.
 15631 | D:9      | You fall into a shaft and drop 3 floors!
 15643 | D:12     | Noticed a deep elf pyromancer
 15645 | D:11     | Noticed a two-headed ogre
 15658 | D:11     | Killed a two-headed ogre
 15659 | D:11     | Reached XP level 11. HP: 80/86 MP: 13/13
 15715 | D:11     | Noticed a two-headed ogre
 15727 | D:11     | Killed a two-headed ogre
 15952 | D:11     | Noticed a boulder beetle
 15980 | D:11     | Killed a boulder beetle
 15981 | D:11     | Reached skill level 10 in Unarmed Combat
 16006 | D:11     | Noticed a two-headed ogre
 16015 | D:11     | Killed a two-headed ogre
 16355 | D:11     | Found a staircase to the Orcish Mines.
 16392 | D:11     | Identified the +0 ring mail of Wisaav {Fly Slay+6}
 16529 | D:11     | HP: 3/87 [manticore (14)]
 16529 | D:11     | Slain by a manticore

Illustrated notes

Levels and vault maps discovered:
D:1:      dpeg_arrival_simpleton_c, layout_basic,
          shapermc_ecumenical_altar_hornbeckon
D:2:      layout_basic, minmay_misc_feat_hallway, kennysheep_minor_cross
D:3:      layout_rooms, minmay_hedge_maze
D:4:      layout_basic, minmay_temple_entry_large_hall, minmay_pentomino_pile,
          uniq_eustachio
D:5:      layout_rooms, good_gods_mini_temple,
          yredelemnul_forgotten_temple_becter, gammafunk_temple_overflow_pools,
          serial_co_window_serial, co_window_of_opportunity_a,
          co_window_paths_b, co_window_paths_a, co_window_of_opportunity_a,
          co_window_paths_a, co_window_paths_b, co_window_cross_2,
          co_window_corner_b, co_window_corner_cb, co_window_4corner_b,
          co_window_4corner_a, sigmund_edmund_badplayer, uniq_ijyb
D:6:      layout_basic, mainiacjoe_overflow_alcove_1, serial_shops, shop,
          portal_sewer_entry_a
D:7:      layout_basic, okawaru_ov_weapons_minmay,
          chequers_temple_overflow_statue_of_worship
D:8:      layout_basic, nicolae_uskayaw_en_pointe, david_lair_shrubbed,
          enter_bailey_5, nicolae_ossuary_entry_ruins, glass_columns_a,
          chequers_jeans
D:9:      kennysheep_spiral_hall, layout_irregular_city,
          mainiacjoe_overflow_paths, lightli_church_of_beogh
D:11:     layout_loops_corners, orc_0_dummy, uniq_grum
D:12:     layout_rooms, serial_shops, nicolae_stop_n_shop_1, hex_large

Skill      XL: |  1  2  3  4  5  6  7  8  9 10 11 |
---------------+----------------------------------+-----
Axes           | 3 |  3.2
Unarmed Combat | 1 2 3 4 5 6 8 9 10 | 10.4
Armour         | 1 2 3 4 5 6 7 |  7.1
Shields        | 1 2 3 4 5 6 7 |  7.1
Fighting       | 4 5 6 7 8 |  8.4
Evocations     | 3 |  3.0
Throwing       | 2 |  2.0
Dodging        | |  0.9
Spellcasting   | |  1.0
Fire Magic     | |  2.6

Action                   |  1- 3 |  4- 6 |  7- 9 | 10-12 || total
-------------------------+-------+-------+-------+-------++-------
Melee: Hand axe          |   128 |   142 |   297 |    70 ||   637
       Unarmed           |       |       |   152 |   302 ||   454
       Kick              |       |       |       |    60 ||    60
Invok: Foxfire Swarm     |       |       |     1 |       ||     1
Evoke: Wand              |       |     6 |    48 |    22 ||    76
  Use: Scroll            |       |       |     4 |     8 ||    12
       Potion            |       |       |       |     2 ||     2
 Stab: Paralysed         |       |    13 |     4 |    31 ||    48
       Distracted        |       |       |     2 |       ||     2
       Held in net/web   |       |       |       |     1 ||     1
Armor: Robe              |    24 |       |       |       ||    24
       Scale mail        |    23 |    77 |    86 |       ||   186
       Plate armour      |       |       |   180 |   222 ||   402
Dodge: Dodged            |    51 |    62 |   140 |    73 ||   326
Block: Buckler           |     9 |    12 |    34 |       ||    55
       Kite shield       |       |       |   147 |   188 ||   335

Table legend: (Time is in decaauts)
 A = Elapsed time spent in this place.
 B = Non-inter-level travel time spent in this place.
 C = Inter-level travel time spent in this place.
 D = Time resting spent in this place.
 E = Time spent auto-exploring this place.
 F = Levels seen in this place.
 G = Mean time per level.
                   A        B        C        D        E       F      G
               +--------+--------+--------+--------+--------+-----+--------+
         Total |  16735 |  16266 |    469 |   5543 |   7685 |  14 | 1195.4 |
       Dungeon |  14297 |  13828 |    469 |   4255 |   7212 |  11 | 1299.7 |
         Sewer |    290 |    290 |      0 |      0 |    201 |   1 |  290.0 |
       Ossuary |    353 |    353 |      0 |    131 |      0 |   1 |  353.0 |
        Bailey |   1794 |   1794 |      0 |   1157 |    272 |   1 | 1794.0 |
               +--------+--------+--------+--------+--------+-----+--------+

Top non-repeatable levels by time:
     D:5: 2719 daAuts
     D:8: 1927 daAuts
  Bailey: 1794 daAuts
     D:1: 1760 daAuts
     D:2: 1566 daAuts
     D:4: 1531 daAuts
     D:6: 1311 daAuts
     D:9: 1072 daAuts
    D:11: 879 daAuts
     D:3: 819 daAuts
     D:7: 695 daAuts
 Ossuary: 353 daAuts
   Sewer: 290 daAuts
    D:12: 13 daAuts
